 Dungeon Sprint DCSS version 0.24.0-35-gdb84b6a5db (webtiles) character file.

Game seed: 18275113687760614794, levelgen mode: deterministic

515142 Groucho the Halfling Barricade (level 21, 178/178 (183) HPs)
             Began as a Halfling Wanderer on Nov 18, 2019.
             Was the Champion of Qazlal.
             Escaped with the Orb!
             The game lasted 00:49:26 (6210 turns).

Groucho the Halfling Barricade (Halfling Wanderer)  Turns: 6210, Time: 00:49:26

HP:   178/178 (183) AC: 39    Str: 27    XL:     21   Next: 59%
MP:   47/47         EV: 26    Int: 15    God:    Qazlal [******]
Gold: 0             SH: 47    Dex: 24    Spells: 61/64 levels left

rFire    + + .     SeeInvis +   P - +10 fustibalus of the Land of Plenty {flame, rF+ Int+4}
rCold    + . .     Gourm    .   c - +18 shield of the Gong {rElec rN+ MR+ EV-5}
rNeg     + + .     Faith    .   a - +5 gold dragon scales
rPois    +         Spirit   .   W - +1 helmet {SInv}
rElec    +         Reflect  .   Y - +3 cloak of Levity {*Corrode +Fly MR+++ Regen+}
rCorr    .         Harm     .   U - +0 pair of fencer's gloves {Riposte Dex+3}
MR       +++++     Rnd*Rage +   o - +1 pair of boots {Stlth+} Stlth ..........NoTele +
                                J - macabre finger necklace {rN+}
HPRegen  0.79/turn              n - +6 ring of dexterity
MPRegen  0.30/turn              r - +6 ring of strength
                                e - ring of flight

@: repel missiles
A: small, berserk 1, deformed body, mutation resistance 1
0: Orb of Zot
a: Upheaval, Elemental Force, Disaster Area, Renounce Religion, Evoke Flight


You escaped.
You worshipped Qazlal.
Qazlal was exalted by your worship.
You were very full.

You visited 1 branch

Inventory:

Hand Weapons
 d - the +6 shillelagh "Devastator" {shatter}
   (You found it in the Dungeon)
 H - a +5 fustibalus of electrocution
 P - the +10 fustibalus of the Land of Plenty (weapon) {flame, rF+ Int+4}
   (You found it in the Dungeon)

   It causes projectiles fired from it to burn those they strike, causing extra
   injury to most foes and up to half again as much damage against particularly
   susceptible opponents.
   It affects your intelligence (+4).
   It protects you from fire.
Missiles
 I - 938 sling bullets (quivered)
Armour
 a - +5 gold dragon scales (worn)
 b - the +15 Maxwell's patent armour {-Cast -Tele rElec MR+ rCorr}
   (You found it in the Dungeon)

   It insulates you from electricity.
   It affects your resistance to hostile enchantments.
   It prevents spellcasting.
   It prevents most forms of teleportation.
   It provides partial protection from all sources of acid and corrosion.
 c - the +18 shield of the Gong (worn) {rElec rN+ MR+ EV-5}
   (You found it in the Dungeon)

   It affects your evasion (-5).
   It insulates you from electricity.
   It protects you from negative energy.
   It affects your resistance to hostile enchantments.
 o - a +1 pair of boots of stealth (worn)
 L - the +27 Lear's hauberk
   (You found it in the Dungeon)
 R - a +2 hat of see invisible
 U - the +0 pair of fencer's gloves (worn) {Riposte Dex+3}
   (You found it in the Dungeon)

   It affects your dexterity (+3).
 W - a +1 helmet of see invisible (worn)
 Y - the +3 cloak of Levity (worn) {*Corrode +Fly MR+++ Regen+}
   (You found it in the Dungeon)

   It affects your resistance to hostile enchantments.
   It lets you fly.
   It increases your rate of regeneration.
   It may corrode you when you take damage.
 Z - the +13 gold dragon scales "Riawum" {rPois rF+ rC+ rN+ MR- Regen+ Str+4}
   (You found it in the Dungeon)

   It affects your strength (+4).
   It protects you from fire.
   It protects you from cold.
   It protects you from poison.
   It protects you from negative energy.
   It affects your resistance to hostile enchantments.
   It increases your rate of regeneration.
Jewellery
 e - a ring of flight (on amulet)
 m - a +6 ring of dexterity
 n - a +6 ring of dexterity (left hand)
 p - the ring "Jast" {rC+ rCorr Int+2}
   (You found it in the Dungeon)

   [ring of resist corrosion]

   It affects your intelligence (+2).
   It protects you from cold.
   It provides partial protection from all sources of acid and corrosion.
 q - an uncursed amulet of faith
 r - a +6 ring of strength (right hand)
 J - the macabre finger necklace (around neck) {rN+}
   (You found it in the Dungeon)

   [amulet of nothing]

   It protects you from negative energy.
 K - the amulet "Sein" {Acrobat rF+ Int+10}
   (You found it in the Dungeon)

   [amulet of the acrobat]

   It helps you evade while moving and waiting.
   It affects your intelligence (+10).
   It protects you from fire.
 O - the ring "Fyutsets" {Slay+2 Stlth+}
   (You took it off a fire giant in the Dungeon)

   [ring of stealth]

   It affects your accuracy and damage with ranged weapons and melee attacks
   (+2).
   It makes you more stealthy.
 T - an uncursed ring of protection from magic
 X - a ring of the Octopus King {rC+ AC+1 EV+1 Str+1 Int+1 Dex+1}
   (You took it off a vault guard in the Dungeon)

   [ring of protection from cold]

   It affects your AC (+1).
   It affects your evasion (+1).
   It affects your strength (+1).
   It affects your intelligence (+1).
   It affects your dexterity (+1).
   It protects you from cold.
Wands
 s - a wand of disintegration (7)
 t - a wand of iceblast (7)
 u - a wand of acid (7)
 N - a wand of paralysis (10)
Scrolls
 l - 2 scrolls of blinking
 y - 4 scrolls of amnesia
 C - 7 scrolls of fog
 D - a scroll of holy word
 E - 5 scrolls of identify
 F - 5 scrolls of remove curse
 G - 2 scrolls of fear
 Q - 4 scrolls of enchant armour
 S - 11 scrolls of brand weapon
 V - 4 scrolls of enchant weapon
Potions
 g - 7 potions of curing
 h - 6 potions of heal wounds
 i - 14 potions of haste
 j - 6 potions of magic
 k - 4 potions of berserk rage
 v - 2 potions of brilliance
 w - a potion of invisibility
 x - 4 potions of resistance
 z - a potion of experience
 A - 7 potions of agility
 B - 5 potions of might
 M - a potion of lignification {unknown}
Comestibles
 f - 3 rations


   Skills:
 O Level 27 Fighting
 - Level 10.6 Maces & Flails
 O Level 27 Slings
 O Level 27 Armour
 O Level 27 Dodging
 O Level 27 Shields
 + Level 22.0 Spellcasting
 - Level 2.1 Translocations
   Level 1.0 Transmutations
   Level 1.0 Fire Magic
 - Level 2.0 Poison Magic
 O Level 27 Invocations


You had 61 spell levels left.
You knew the following spells:

 Your Spells              Type           Power        Failure   Level  Hunger
a - Sting                 Conj/Pois      ###.         12%         1    None
b - Blink                 Tloc           N/A          11%         2    None

Your spell library contained the following spells:

 Spells                   Type           Power        Failure   Level  Hunger
 Apportation              Tloc           ###...       7%          1    None
 Beastly Appendage        Tmut           ###...       12%         1    None
 Flame Tongue             Conj/Fire      ###..        14%         1    None
 Animate Skeleton         Necr           N/A          17%         1    None
 Confusing Touch          Hex            ###...       17%         1    None
 Corona                   Hex            ###....      17%         1    None
 Freeze                   Ice            ###.         17%         1    None
 Infusion                 Chrm           ###.         17%         1    None
 Magic Dart               Conj           ###.         17%         1    None
 Pain                     Necr           ###.         17%         1    None
 Sandblast                Erth           ###...       17%         1    None
 Shock                    Conj/Air       ###.         17%         1    None
 Summon Butterflies       Summ           ###.....     17%         1    None
 Summon Small Mammal      Summ           ###.         17%         1    None
 Poisonous Vapours        Pois/Air       ###...       17%         2    None
 Shroud of Golubria       Chrm/Tloc      ###...       17%         2    None
 Sticks to Snakes         Tmut           ###.....     17%         2    None
 Passwall                 Tmut/Erth      ###.....     22%         2    None
 Throw Flame              Conj/Fire      ###...       22%         2    None
 Gell's Gravitas          Tloc           ###.......   22%         3    None
 Lesser Beckoning         Tloc           ###.......   22%         3    None
 Teleport Other           Tloc           ###.....     22%         3    None
 Call Imp                 Summ           ###.....     26%         2    None
 Corpse Rot               Necr           N/A          26%         2    None
 Ensorcelled Hibernation  Hex/Ice        ###...       26%         2    None
 Searing Ray              Conj           ###...       26%         2    None
 Slow                     Hex            ###.....     26%         2    None
 Song of Slaying          Chrm           ###.....     26%         2    None
 Sublimation of Blood     Necr           ###.......   26%         2    None
 Swiftness                Chrm/Air       ###.....     26%         2    None
 Throw Frost              Conj/Ice       ###...       26%         2    None
 Spider Form              Tmut/Pois      ###.......   28%         3    None
 Ignite Poison            Fire/Tmut/Pois ###.....     30%         3    None
 Portal Projectile        Hex/Tloc       ###...       32%         3    None
 Recall                   Summ/Tloc      N/A          32%         3    None
 Conjure Flame            Conj/Fire      ###.....     38%         3    None
 Inner Flame              Hex/Fire       ###.....     38%         3    None
 Mephitic Cloud           Conj/Pois/Air  ###.....     38%         3    None
 Call Canine Familiar     Summ           ###.....     45%         3    None
 Confuse                  Hex            ###.....     45%         3    None
 Dazzling Spray           Conj/Hex       ###...       45%         3    None
 Ozocubu's Armour         Chrm/Ice       ###.....     45%         3    None
 Regeneration             Chrm/Necr      ###.......   45%         3    None
 Spectral Weapon          Hex/Chrm       ###.....     45%         3    None
 Static Discharge         Conj/Air       ###.....     45%         3    None
 Stone Arrow              Conj/Erth      ###...       45%         3    None
 Summon Guardian Golem    Hex/Summ       ###.....     45%         3    None
 Tukima's Dance           Hex            ###.....     45%         3    None
 Vampiric Draining        Necr           ###.......   45%         3    None
 Olgreb's Toxic Radiance  Pois           ###.....     58%         4    None
 Force Lance              Conj/Tloc      ###.....     73%         4    None
 Ice Form                 Ice/Tmut       ###.....     80%         4    None
 Petrify                  Tmut/Erth      ###.....     80%         4    None
 Sticky Flame             Conj/Fire      ###.....     80%         4    None
 Airstrike                Air            ###.......   86%         4    None
 Animate Dead             Necr           N/A          86%         4    None
 Cause Fear               Hex            ###.......   86%         4    None
 Fulminant Prism          Conj/Hex       ###.......   86%         4    None
 Iskenderun's Mystic Bla  Conj           ###.....     86%         4    None
 Leda's Liquefaction      Hex/Erth       ###.......   86%         4    None
 Summon Ice Beast         Ice/Summ       ###.....     86%         4    None
 Summon Lightning Spire   Summ/Air       ###.....     86%         4    None
 Throw Icicle             Conj/Ice       ###.....     86%         4    None
 Alistair's Intoxication  Tmut/Pois      ###.....     95%         5    ###....
 Blade Hands              Tmut           ###.......   97%         5    ###....
 Summon Forest            Summ/Tloc      ###.......   97%         5    ###....
 Venom Bolt               Conj/Pois      ###.......   97%         5    ###....
 Fireball                 Conj/Fire      ###.......   98%         5    ###....
 Irradiate                Conj/Tmut      ###.......   98%         5    ###....
 Yara's Violent Unravell  Hex/Tmut       ###.......   98%         5    ###....
 Agony                    Necr           ###.....     99%         5    ###....
 Aura of Abjuration       Summ           ###.......   99%         5    ###....
 Bolt of Draining         Conj/Necr      ###.......   99%         5    ###....
 Bolt of Magma            Conj/Fire/Erth ###.......   99%         5    ###....
 Borgnjor's Vile Clutch   Necr/Erth      ###.......   99%         5    ###....
 Dispel Undead            Necr           ###.....     99%         5    ###....
 Excruciating Wounds      Chrm/Necr      ###.......   99%         5    ###....
 Iskenderun's Battlesphe  Conj/Chrm      ###.....     99%         5    ###....
 Lee's Rapid Deconstruct  Erth           ###.......   99%         5    ###....
 Lightning Bolt           Conj/Air       ###.......   99%         5    ###....
 Metabolic Englaciation   Hex/Ice        ###.......   99%         5    ###....
 Silence                  Hex/Air        ###.......   99%         5    ###....
 Summon Demon             Summ           ###.......   99%         5    ###....
 Summon Mana Viper        Hex/Summ       ###.....     99%         5    ###....
 Bolt of Cold             Conj/Ice       ###.......   100%        6    #####..
 Bolt of Fire             Conj/Fire      ###.......   100%        6    #####..
 Darkness                 Hex            ###.......   100%        6    #####..
 Death Channel            Necr           ###.......   100%        6    #####..
 Deflect Missiles         Chrm/Air       ###.......   100%        6    #####..
 Dispersal                Tloc           ###.......   100%        6    #####..
 Freezing Cloud           Conj/Ice/Air   ###.......   100%        6    #####..
 Hydra Form               Tmut           ###.......   100%        6    #####..
 Invisibility             Hex            ###.....     100%        6    #####..
 Iron Shot                Conj/Erth      ###.......   100%        6    #####..
 Ozocubu's Refrigeration  Ice            ###.......   100%        6    #####..
 Poison Arrow             Conj/Pois      ###.......   100%        6    #####..
 Shadow Creatures         Summ           N/A          100%        6    #####..
 Simulacrum               Ice/Necr       ###.......   100%        6    #####..
 Statue Form              Tmut/Erth      ###......    100%        6    #####..
 Dragon Form              Tmut           ###.......   100%        7    ######.
 Malign Gateway           Summ/Tloc      ###.......   100%        7    ######.
 Monstrous Menagerie      Summ           ###.......   100%        7    ######.
 Ring of Flames           Chrm/Fire      ###.......   100%        7    ######.
 Summon Greater Demon     Summ           ###.......   100%        7    ######.
 Summon Hydra             Summ           ###.......   100%        7    ######.
 Chain Lightning          Conj/Air       ###.......   100%        8    #######
 Controlled Blink         Tloc           N/A          100%        8    #######
 Discord                  Hex            ###.......   100%        8    #######
 Disjunction              Tloc           ###.......   100%        8    #######
 Ignition                 Fire           ###.......   100%        8    #######
 Lehudib's Crystal Spear  Conj/Erth      ###.......   100%        8    #######
 Summon Horrible Things   Summ           ###.......   100%        8    #######
 Dragon's Call            Summ           ###.......   100%        9    #######
 Fire Storm               Conj/Fire      ###.......   100%        9    #######
 Glaciate                 Conj/Ice       ###.......   100%        9    #######
 Shatter                  Erth           ###.......   100%        9    #######
 Tornado                  Air            ###.......   100%        9    #######
 Passage of Golubria      Tloc           Unusable     N/A         4    N/A

Dungeon Overview and Level Annotations

Branches:
Dungeon (1/1)

Altars:
Ashenzari
Cheibriados
Dithmenos
Elyvilon
Fedhas
Gozag
Hepliaklqana
Kikubaaqudgha
Makhleb
Nemelex Xobeh
Okawaru
Qazlal
Ru
Sif Muna
Trog
Uskayaw
Vehumet
Wu Jian
Xom
Yredelemnul
Zin
The Shining One
Beogh
Jiyva
Lugonu


Innate Abilities, Weirdness & Mutations

You are small and have problems with some larger weapons.
You are somewhat resistant to further mutation.
You tend to lose your temper in combat.
Armour fits poorly on your strangely shaped body.


Message History

I - 938 sling bullets (gained 2)
You see here a +2 trident of freezing.
You start waiting.
A hellwing comes into view.
Firing (i - inventory)
I - 938 sling bullets (quivered)
Press: ? - help, Shift-Dir - straight line, f - hellwing
Aim: a hellwing (thunder)
You shoot a sling bullet. The sling bullet hits the hellwing!!!
The sling bullet burns the hellwing.
You kill the hellwing!
Qazlal accepts your kill.
Your Spellcasting skill increases to level 22!
No target in view!
No target in view!
No target in view!
There is a staircase leading out of the dungeon here.
You see here a +2 trident of freezing.
I - 938 sling bullets (gained 1)
There is a staircase leading out of the dungeon here.
You have escaped!

......).....▓..▓..()...▓..▓...8©8
...†........▓.▓▓▓.(.).▓▓▓.▓..}).}
............▓..▓...)...▓..▓..})..
............▓......)......▓....))
............▓......©......▓...)..
............▓▓▓▓▓▓▓▓▓▓▓▓▓▓▓..."..
............▓8888888888888▓.....)
............▓8.○.§.......8▓..▓.).
............▓8..@.....©..8▓.▓....
..≈.......≈.▓8...○.......8▓....©.
....©.....≈≈▓8888888888888▓▓▓▓▓▓▓
▓▓▓▓▓▓▓▓▓▓▓▓▓▓▓▓▓▓▓▓▓▓▓▓▓▓▓▓▓▓▓▓▓
....)8©8.....=..▓........8©8.....
[)..[||.}..=[.:.▓...|}.}|)}.[=.)[
[)).[)}[.)|.).=.▓...[..=})"}..[..
}..(.[[)|.[[[.(.▓..}".)))|.))[)}.
).(.).))..)).)..▓...)[))).......)


There were no monsters in sight!

Vanquished Creatures
  5 orbs of fire (D)
  2 ancient liches (D)
  A pandemonium lord (D)
  7 greater mummies (D)
  Rupert (D)
  5 liches (D)
  5 acid blobs (D)
  5 krakens (D)
  A tentacled starspawn (D)
  8 shadow dragons (D)
  Kirke (D)
  3 storm dragons (D)
  Roxanne (D)
  7 thorn hunters (D)
  3 azure jellies (D)
  6 fire giants (D)
  2 balrugs (D)
  A draconian annihilator (D)
  15 spriggan defenders (D)
  11 stone giants (D)
  2 apis (D)
  Nessos (D)
  3 starcursed masses (D)
  A dire elephant (D)
  3 fire dragons (D)
  3 death oozes (D)
  2 mummy priests (D)
  9 merfolk javelineers (D)
  6 merfolk impalers (D)
  3 great orbs of eyes (D)
  A yaktaur captain (D)
  22 spriggan air magi (D)
  28 vault guards (D)
  10 merfolk aquamancers (D)
  5 satyrs (D)
  A hydra (D)
  6 anacondas (D)
  2 naga warriors (D)
  2 alligator snapping turtles (D)
  3 two-headed ogres (D)
  2 shambling mangroves (D)
  A death scarab (D)
  7 hell hogs (D)
  A thrashing horror (D)
  2 soul eaters (D)
  Sonja (D)
  17 spriggan berserkers (D)
  A sun demon (D)
  2 spriggans (D)
  A hell knight (D)
  2 wretched stars (D)
  A shadow wraith (D)
  3 spriggan druids (D)
  3 sea snakes (D)
  2 glowing orange brains (D)
  A shining eye (D)
  3 cyclopes (D)
  6 manticores (D)
  2 worldbinders (D)
  An oklob plant (D)
  4 draconians (D)
  A faun (D)
  3 merfolk sirens (D)
  An apocalypse crab (D)
  2 guardian serpents (D)
  2 rust devils (D)
  2 eyes of devastation (D)
  4 naga magi (D)
  A water nymph (D)
  A black mamba (D)
  Psyche (D)
  4 spiny frogs (D)
  A rime drake (D)
  2 yaktaurs (D)
  A hellwing (D)
  4 dryads (D)
  A tormentor (D)
  4 efreet (D)
  10 guardian mummies (D)
  An ancient zyme (D)
  2 komodo dragons (D)
  5 red devils (D)
  4 trolls (D)
  A jumping spider (D)
  16 merfolk (D)
  A polar bear (D)
  5 hornets (D)
  2 blink frogs (D)
  10 wind drakes (D)
  A dream sheep (D)
  A raiju (D)
  17 slime creatures (D)
  3 air elementals (D)
  Sigmund (D)
  A flying skull (D)
  A water elemental (D)
  2 shadows (D)
  5 large abominations (D)
  A ynoxinul (D)
  3 tarantellas (D)
  A wyvern (D)
  6 yaks (D)
  5 fire elementals (D)
  3 wraiths (D)
  A neqoxec (D)
  2 golden eyes (D)
  5 ushabtiu (D)
  2 chaos spawn (D)
  A basilisk (D)
  6 insubstantial wisps (D)
  4 nagas (D)
  2 porcupines (D)
  2 hell hounds (D)
  6 water moccasins (D)
  2 eyes of draining (D)
  A necrophage (D)
  3 ogres (D)
  4 crocodiles (D)
  A centaur (D)
  Blork the orc (D)
  4 bullfrogs (D)
  3 small abominations (D)
  8 scorpions (D)
  A wight (D)
  Crazy Yiuf (D)
  5 jellies (D)
  11 mummies (D)
  4 adders (D)
  A white imp (D)
  4 adder zombies (D)
  2 oozes (D)
  3 adder skeletons (D)
  An adder simulacrum (D)
  3 ball pythons (D)
  4 bat skeletons (D)
  A jackal (D)
  A ball python skeleton (D)
  A giant cockroach simulacrum (D)
  2 giant cockroach zombies (D)
  2 jackal skeletons (D)
  A jackal zombie (D)
  3 leopard gecko skeletons (D)
  2 leopard gecko zombies (D)
  2 spectral giant cockroaches (D)
  A spectral leopard gecko (D)
  12 briar patches (D)
  6 butterflies (D)
  6 fire vortices (D)
  6 tentacles (D)
553 creatures vanquished.

Vanquished Creatures (others)
  A briar patch (D)
  30 tentacles (D)
31 creatures vanquished.

Grand Total: 584 creatures vanquished

Notes
Turn   | Place    | Note
-------+----------+-------------------------------------------
     0 | D        | Groucho the Halfling Wanderer began the quest for the Orb.
     0 | D        | Groucho set off with the following items: a +0 club, a +0
                  | robe, a ration, a potion of curing, a potion of heal
                  | wounds, a potion of haste, 2 potions of magic, a potion of
                  | berserk rage, a scroll of blinking; and the following spell
                  | memorised: Sting; and the following spells available to
                  | memorise: Blink, Shroud of Golubria, Throw Flame, Searing
                  | Ray, Gell's Gravitas, Lesser Beckoning, Teleport Other,
                  | Spider Form, Passage of Golubria
     0 | D        | Reached XP level 1. HP: 11/11 MP: 3/3
    11 | D        | Found a blossoming altar of Fedhas.
    12 | D        | Found the +6 Majin-Bo {vamp, Archmagi MP+6 Int+6}
    12 | D        | Found the +7 great mace "Firestarter" {inner flame, rF++}
    12 | D        | Found a viscous altar of Jiyva.
    12 | D        | Found a transporter.
    12 | D        | Found a hazy altar of Hepliaklqana.
    12 | D        | Found an ancient bone altar of Kikubaaqudgha.
    12 | D        | Found an opulent altar of Gozag.
    12 | D        | Found a corrupted altar of Lugonu.
    18 | D        | Found a burning altar of Makhleb.
    19 | D        | Found an iron altar of Okawaru.
    19 | D        | Found a sparkling altar of Nemelex Xobeh.
    19 | D        | Found a stormy altar of Qazlal.
    19 | D        | Found a sacrificial altar of Ru.
    19 | D        | Found a shimmering blue altar of Sif Muna.
    24 | D        | Found the +9 heavy crossbow "Sniper" {velocity, Acc+∞ SInv}
    24 | D        | Found the +10 dark maul {crush}
    24 | D        | Found the +15 Maxwell's patent armour {-Cast -Tele rElec
                  | MR+ rCorr}
    24 | D        | Found the +18 shield of the Gong {rElec rN+ MR+ EV-5}
    24 | D        | Found the cursed +14 obsidian axe {chop, +Fly SInv *Curse}
    26 | D        | Found the +6 shillelagh "Devastator" {shatter}
    26 | D        | Found the +11 plutonium sword {*Contam Stlth-}
    26 | D        | Found the +8 lance "Wyrmbane" {slay drac, rPois rF+ rC+
                  | AC+3}
    26 | D        | Found the +9 sword of Zonguldrok {reap}
    26 | D        | Found the cursed +13 scythe of Curses {drain, *Curse}
    26 | D        | Found the +0 sword of Power
    26 | D        | Found the +7 mace of Variability {chain chaos}
    26 | D        | Found the +7 Singing Sword {slice, sonic wave}
    26 | D        | Found the +8 storm bow {elec, penet}
    40 | D        | Found a bloodstained altar of Trog.
    81 | D        | Became a worshipper of Qazlal Stormbringer
    94 | D        | Entered arena 2.
    94 | D        | Noticed a jelly
    94 | D        | Found a transporter.
    97 | D        | Reached skill level 1 in Fighting
    97 | D        | Reached skill level 1 in Slings
    97 | D        | Reached skill level 1 in Armour
    97 | D        | Reached skill level 1 in Invocations
    99 | D        | Killed a jelly
    99 | D        | Reached XP level 2. HP: 17/19 MP: 4/4
    99 | D        | Reached XP level 3. HP: 22/24 MP: 5/5
   122 | D        | Entered arena 3.
   122 | D        | Noticed a scorpion
   122 | D        | Noticed a tarantella
   122 | D        | Noticed a scorpion
   122 | D        | Found a transporter.
   125 | D        | Killed a tarantella
   125 | D        | Reached * piety under Qazlal
   125 | D        | Reached skill level 5 in Armour
   125 | D        | Reached skill level 5 in Shields
   125 | D        | Reached skill level 5 in Invocations
   125 | D        | Reached XP level 4. HP: 33/33 MP: 5/7
   125 | D        | Reached XP level 5. HP: 37/37 MP: 5/8
   129 | D        | Reached XP level 6. HP: 38/44 MP: 5/10
   177 | D        | Entered arena 4.
   177 | D        | Noticed a jumping spider
   177 | D        | Noticed a tarantella
   177 | D        | Found a transporter.
   181 | D        | Reached ** piety under Qazlal
   181 | D        | Reached skill level 5 in Fighting
   181 | D        | Reached XP level 7. HP: 34/50 MP: 10/12
   185 | D        | Killed a tarantella
   186 | D        | Killed a jumping spider
   186 | D        | Reached skill level 10 in Slings
   186 | D        | Reached XP level 8. HP: 33/58 MP: 10/14
   424 | D        | Entered arena 5.
   424 | D        | Noticed a draconian
   424 | D        | Noticed a draconian
   424 | D        | Noticed a draconian
   424 | D        | Noticed a draconian
   424 | D        | Found a transporter.
   439 | D        | Killed a draconian
   439 | D        | Killed a draconian
   439 | D        | Reached XP level 9. HP: 56/66 MP: 4/16
   445 | D        | Killed a draconian
   445 | D        | Reached skill level 10 in Shields
   451 | D        | Killed a draconian
   451 | D        | Reached *** piety under Qazlal
   451 | D        | Reached skill level 10 in Armour
   451 | D        | Reached skill level 10 in Invocations
   612 | D        | Entered arena 6.
   612 | D        | Found a transporter.
   622 | D        | Got the Guide on Lucky Moulding
   666 | D        | Entered arena 7.
   667 | D        | Found the macabre finger necklace {rN+}
   667 | D        | Found a transporter.
   669 | D        | Reached **** piety under Qazlal
   670 | D        | Reached XP level 10. HP: 74/74 MP: 12/18
   706 | D        | Entered arena 8.
   707 | D        | Identified the +10 great sword of Maymose {slice, rPois
                  | Str+4}
   717 | D        | Reached ***** piety under Qazlal
   720 | D        | Found a transporter.
   919 | D        | Entered arena 9.
   919 | D        | Noticed a komodo dragon
   919 | D        | Noticed a spiny frog
   919 | D        | Noticed a spiny frog
   919 | D        | Noticed a komodo dragon
   920 | D        | Found the +8 arc blade {discharge, rElec}
   927 | D        | Killed a spiny frog
   927 | D        | Reached skill level 10 in Fighting
   928 | D        | Found a transporter.
   929 | D        | Killed a spiny frog
   931 | D        | Killed a komodo dragon
   931 | D        | Reached skill level 15 in Slings
   932 | D        | Killed a komodo dragon
   932 | D        | Reached XP level 11. HP: 62/82 MP: 18/20
   941 | D        | Got the amulet "Sein" {Acrobat rF+ Int+10}
  1015 | D        | Entered arena 10.
  1016 | D        | Reached ****** piety under Qazlal
  1019 | D        | Found a transporter.
  1101 | D        | Entered arena 11.
  1109 | D        | Found a transporter.
  1125 | D        | Got the Grimoire of Ice and the Rocks
  1219 | D        | Entered arena 12.
  1219 | D        | Noticed an anaconda
  1219 | D        | Noticed a naga warrior
  1219 | D        | Noticed a naga warrior
  1220 | D        | Found the +27 Lear's hauberk
  1220 | D        | Killed an anaconda
  1242 | D        | Killed a naga warrior
  1247 | D        | Killed a naga warrior
  1247 | D        | Reached XP level 12. HP: 58/91 MP: 3/22
  1250 | D        | Found a transporter.
  1380 | D        | Entered arena 13.
  1380 | D        | Noticed Crazy Yiuf
  1380 | D        | Noticed Rupert
  1380 | D        | Noticed Psyche
  1380 | D        | Noticed Sonja
  1380 | D        | Noticed Blork the orc
  1381 | D        | Killed Sonja
  1381 | D        | Reached skill level 1 in Maces & Flails
  1381 | D        | Identified the amulet "Emootic" {RegenMP MR+ Int+6 Dex-5
                  | Stlth+}
  1381 | D        | Noticed Kirke
  1382 | D        | Killed Psyche
  1382 | D        | Killed Crazy Yiuf
  1382 | D        | Noticed Sigmund
  1383 | D        | Killed Sigmund
  1385 | D        | Killed Kirke
  1385 | D        | Noticed Nessos
  1387 | D        | Killed Rupert
  1389 | D        | Killed Blork the orc
  1396 | D        | Killed Nessos
  1396 | D        | Reached skill level 5 in Maces & Flails
  1396 | D        | Reached skill level 15 in Shields
  1397 | D        | Noticed Roxanne
  1428 | D        | Killed Roxanne
  1428 | D        | Reached skill level 15 in Armour
  1428 | D        | Reached skill level 15 in Invocations
  1429 | D        | Found a transporter.
  1473 | D        | Entered arena 14.
  1474 | D        | Noticed a great orb of eyes
  1474 | D        | Noticed an azure jelly
  1474 | D        | Noticed an acid blob
  1481 | D        | Killed a great orb of eyes
  1481 | D        | Reached XP level 13. HP: 97/99 MP: 6/24
  1482 | D        | Killed an acid blob
  1483 | D        | Killed an azure jelly
  1500 | D        | Found a transporter.
  1514 | D        | Got the amulet of the Final Decision {Inacc rN+ Stlth+}
  1763 | D        | Entered arena 15.
  1763 | D        | Noticed a fire giant
  1763 | D        | Noticed a fire giant
  1765 | D        | Noticed a fire dragon
  1765 | D        | Noticed a fire dragon
  1766 | D        | Killed a fire giant
  1768 | D        | Identified the ring "Fyutsets" {Slay+2 Stlth+}
  1768 | D        | Noticed a fire giant
  1768 | D        | Killed a fire dragon
  1772 | D        | Killed a fire giant
  1773 | D        | Killed a fire dragon
  1781 | D        | Killed a fire giant
  1900 | D        | Found a transporter.
  1927 | D        | Got the +10 fustibalus of the Land of Plenty {flame, rF+
                  | Int+4}
  2044 | D        | Entered arena 16.
  2044 | D        | Noticed a spriggan air mage
  2044 | D        | Noticed a spriggan air mage
  2044 | D        | Noticed a storm dragon
  2045 | D        | Noticed a spriggan air mage
  2045 | D        | Noticed a storm dragon
  2046 | D        | Noticed a storm dragon
  2046 | D        | Noticed a spriggan air mage
  2046 | D        | Noticed a spriggan air mage
  2048 | D        | Killed a spriggan air mage
  2048 | D        | Killed a spriggan air mage
  2048 | D        | Reached XP level 14. HP: 105/108 MP: 26/26
  2049 | D        | Killed a storm dragon
  2049 | D        | Reached skill level 15 in Fighting
  2049 | D        | Reached skill level 10 in Maces & Flails
  2049 | D        | Killed a storm dragon
  2051 | D        | Killed a storm dragon
  2185 | D        | Found a transporter.
  2328 | D        | Entered arena 17.
  2333 | D        | Reached skill level 1 in Dodging
  2353 | D        | Found a transporter.
  2372 | D        | Got the amulet of Viniukow {Gourm MR+ Str+3 Int+4 Dex-5}
  2397 | D        | Entered arena 18.
  2400 | D        | Noticed a shadow dragon
  2419 | D        | Killed a shadow dragon
  2421 | D        | Found the +5 scythe "Finisher" {speed, eviscerate}
  2424 | D        | Found a transporter.
  2446 | D        | Got the cursed ring "Iwnuri" {Str-3 Int+4}
  2479 | D        | Entered arena 19.
  2506 | D        | Noticed a fire giant
  2506 | D        | Noticed a stone giant
  2507 | D        | Noticed a stone giant
  2507 | D        | Noticed a stone giant
  2508 | D        | Noticed a stone giant
  2508 | D        | Noticed a stone giant
  2508 | D        | Noticed a fire giant
  2512 | D        | Killed a stone giant
  2512 | D        | Reached skill level 5 in Dodging
  2512 | D        | Killed a fire giant
  2512 | D        | Killed a stone giant
  2515 | D        | Killed a stone giant
  2515 | D        | Killed a stone giant
  2515 | D        | Reached XP level 15. HP: 117/117 MP: 14/28
  2521 | D        | Killed a stone giant
  2525 | D        | Killed a fire giant
  2727 | D        | Found a transporter.
  2738 | D        | Got the +13 gold dragon scales "Riawum" {rPois rF+ rC+ rN+
                  | MR- Regen+ Str+4}
  2759 | D        | Got the Reference Book on Enthralling Good Luck
  2787 | D        | Entered arena 20.
  2831 | D        | Found a transporter.
  2885 | D        | Got the ring "Linujac" {rElec rPois rF+ Dex-5}
  2888 | D        | Got the Catalogue of Dislocated Feathers
  2899 | D        | Entered arena 21.
  2909 | D        | Noticed an orb of fire
  2909 | D        | Noticed a balrug
  2909 | D        | Noticed an orb of fire
  2910 | D        | Noticed an orb of fire
  2910 | D        | Noticed a fire giant
  2910 | D        | Gained mutation: You tend to lose your temper in combat.
                  | [an orb of fire]
  2910 | D        | Noticed an orb of fire
  2911 | D        | Noticed an orb of fire
  2911 | D        | Noticed a balrug
  2912 | D        | Reached skill level 10 in Dodging
  2912 | D        | Killed a balrug
  2913 | D        | Killed a balrug
  2916 | D        | Killed an orb of fire
  2916 | D        | Killed a fire giant
  2917 | D        | Gained mutation: Armour fits poorly on your strangely
                  | shaped body. [an orb of fire]
  2919 | D        | Killed an orb of fire
  2919 | D        | Reached XP level 16. HP: 9/128 MP: 8/30
  2919 | D        | Killed an orb of fire
  2919 | D        | Killed an orb of fire
  2919 | D        | Killed an orb of fire
  2919 | D        | Reached skill level 15 in Dodging
  3623 | D        | Found a transporter.
  3676 | D        | Got Ethrerou's Incunabulum of Talismans and the Arsonist
  3690 | D        | Entered arena 22.
  3695 | D        | Found the +7 pair of quick blades "Gyre" and "Gimble"
                  | {protect}
  3702 | D        | Reached XP level 17. HP: 137/137 MP: 24/32
  3703 | D        | Noticed a tentacled starspawn
  3710 | D        | Killed a tentacled starspawn
  3714 | D        | Found a transporter.
  3755 | D        | Got the Compendium of Evil and the Compass
  3774 | D        | Entered arena 23.
  3779 | D        | Noticed an acid blob
  3780 | D        | Noticed an acid blob
  3780 | D        | Noticed an acid blob
  3783 | D        | Killed an acid blob
  3783 | D        | Killed an acid blob
  3783 | D        | Killed an acid blob
  3783 | D        | Noticed an acid blob
  3795 | D        | Killed an acid blob
  3822 | D        | Found the amulet of the Air {Inacc +Fly rElec EV+5 RMsl}
  3822 | D        | Found a transporter.
  3861 | D        | Got the Almanac of Fiery Translocation
  3885 | D        | Got the ring "Jast" {rC+ rCorr Int+2}
  3894 | D        | Got the +2 helmet of Parlour Games {rElec rPois}
  3906 | D        | Entered arena 24.
  3911 | D        | Noticed a thorn hunter
  3912 | D        | Identified the +2 robe of Ru's Wrath {MR+ Dex+2}
  3913 | D        | Found the +3 salamander hide armour {+Rage rF++}
  3913 | D        | Noticed a thorn hunter
  3914 | D        | Killed a thorn hunter
  3920 | D        | Reached XP level 18. HP: 74/149 MP: 26/34
  3970 | D        | Found a transporter.
  4106 | D        | Entered arena 25.
  4121 | D        | Noticed a greater mummy
  4122 | D        | Noticed a greater mummy
  4127 | D        | Noticed a greater mummy
  4128 | D        | Killed a greater mummy
  4128 | D        | Killed a greater mummy
  4128 | D        | Noticed a greater mummy
  4130 | D        | Killed a greater mummy
  4130 | D        | Noticed a greater mummy
  4131 | D        | Killed a greater mummy
  4131 | D        | Killed a greater mummy
  4132 | D        | Noticed a greater mummy
  4136 | D        | Identified the amulet "Pyveiweimm" {+Rage MP+9 Dex+3}
  4137 | D        | Identified the cursed +2 mace "Lenu" {pain, rN++ MR+}
  4137 | D        | Noticed a greater mummy
  4138 | D        | Identified the ring "Tyomueg" {rN++ Str+8 Int-3 Dex+3
                  | Stlth+}
  4140 | D        | Identified the +8 shortbow "Zine" {flame, rF- rC++ Dex+7}
  4141 | D        | Killed a greater mummy
  4141 | D        | Killed a greater mummy
  4141 | D        | Reached XP level 19. HP: 99/158 MP: 28/36
  4286 | D        | Found a transporter.
  4296 | D        | Got Acka's Handbook of Flight and Intoxication
  4359 | D        | Entered arena 26.
  4380 | D        | Noticed a lich
  4380 | D        | Noticed an ancient lich
  4380 | D        | Identified a ring of the Octopus King {rC+ AC+1 EV+1 Str+1
                  | Int+1 Dex+1}
  4380 | D        | Noticed an ancient lich
  4381 | D        | Noticed a lich
  4381 | D        | Noticed a lich
  4382 | D        | Identified the +10 trident of Hubris {holy, +Rage rF++}
  4382 | D        | Noticed a lich
  4382 | D        | Noticed a lich
  4383 | D        | Found the +2 shield of Resistance {rF+ rC+ MR+}
  4383 | D        | Killed a lich
  4383 | D        | Killed a lich
  4383 | D        | Killed a lich
  4383 | D        | Reached skill level 27 in Shields
  4383 | D        | Reached skill level 27 in Armour
  4383 | D        | Reached skill level 27 in Invocations
  4384 | D        | Killed a lich
  4384 | D        | Killed an ancient lich
  4384 | D        | Killed a lich
  4384 | D        | Reached XP level 20. HP: 166/166 MP: 29/37
  4388 | D        | Killed an ancient lich
  4580 | D        | Found a transporter.
  4769 | D        | Entered arena 27.
  4779 | D        | Reached skill level 5 in Spellcasting
  4782 | D        | Reached skill level 27 in Slings
  4782 | D        | Reached skill level 27 in Dodging
  4782 | D        | Reached skill level 27 in Fighting
  4782 | D        | Reached skill level 10 in Spellcasting
  4786 | D        | Learned a level 2 spell: Blink
  4791 | D        | Found a transporter.
  4827 | D        | Got the Reference Book on Doomed Good Luck
  4833 | D        | Got the Papyrus of Boosting Flames
  4839 | D        | Got the Reference Book on Glacial Transformation
  4887 | D        | Got Reoq's Compendium of the Floating Voyage
  4954 | D        | Entered arena 28.
  4967 | D        | Identified the +2 ring mail of the Hills {SInv}
  4967 | D        | Identified the +2 quarterstaff of Enwusonn {pain, Stlth+}
  4968 | D        | Identified the +3 eveningstar "Imp's Bane" {drain, Int+2}
  4968 | D        | Identified the amulet "Nyvayshi" {Acrobat Dex+4}
  4969 | D        | Identified the +10 shortbow of Xom's Favour {flame, rC+}
  4970 | D        | Identified the +2 buckler of the Lair of Beasts {rC+ MR+
                  | Int+3}
  4970 | D        | Reached skill level 15 in Spellcasting
  4970 | D        | Reached XP level 21. HP: 163/178 MP: 38/40
  4973 | D        | Identified the +8 hunting sling of Iqaotes {velocity, +Fly
                  | rN+ Dex-5 SInv}
  4974 | D        | Identified the +9 rapier of Subterfuge {flame, rC+ rN+
                  | SInv} (You took it off a merfolk aquamancer in the Dungeon)
  4985 | D        | Identified the +6 dire flail of Anger {vamp, *Rage rN+++
                  | Int-5 Dex+6} (You took it off a merfolk in the Dungeon)
  4985 | D        | Identified the cursed +3 hand crossbow of Revolt {elec,
                  | Str+4 Dex+3 Stlth+}
  5001 | D        | Found the +0 pair of fencer's gloves {Riposte Dex+3}
  5038 | D        | Found a transporter.
  5170 | D        | Got the +3 cloak of Levity {*Corrode +Fly MR+++ Regen+}
  5191 | D        | Got the Orb of Zot
  5978 | D        | Noticed Juazu the pandemonium lord
  5981 | D        | Killed Juazu the pandemonium lord
  6210 | D        | Escaped with the Orb!

Levels and vault maps discovered:
D:        sprint_v [room_start, room_1, room_2, room_3, room_4, room_5, room_6,
          room_7, room_8, room_9, room_10, room_11, room_12, room_13, room_14,
          room_15, room_16, room_17, room_18, room_19, room_20, room_21,
          room_22, room_23, room_24, room_25, room_26, room_27]

Skill      XL: |  1  2  3  4  5  6  7  8  9 10 11 12 13 14 15 16 17 18 19 20 21 |
---------------+----------------------------------------------------------------+-----
Fighting       | 2 4 5 6 7 9 10 11 13 14 16 18 19 21 22 25 27 | 27.0
Slings         | 3 6 7 8 10 11 13 15 17 23 27 | 27.0
Armour         | 2 5 6 8 9 10 12 13 15 17 18 20 22 24 26 27 | 27.0
Invocations    | 2 5 6 8 9 10 12 13 15 16 18 20 22 24 26 27 | 27.0
Shields        | 3 5 6 7 8 9 11 12 14 15 17 18 20 22 24 26 27 | 27.0
Maces & Flails | 6 9 10 | 10.6
Dodging        | 7 12 15 18 21 25 27 | 27.0
Spellcasting   | 15 22 | 22.0
Translocations | |  2.1
Transmutations | |  1.0
Fire Magic     | |  1.0
Poison Magic   | |  2.0

Action                   |  1- 3 |  4- 6 |  7- 9 | 10-12 | 13-15 | 16-18 | 19-21 || total
-------------------------+-------+-------+-------+-------+-------+-------+-------++-------
Melee: Shillelagh        |     5 |     6 |    27 |    44 |       |       |       ||    82
 Fire: Fustibalus        |       |       |       |    41 |    77 |    56 |    99 ||   273
Invok: Upheaval          |       |       |     7 |    21 |    18 |     8 |     7 ||    61
       Disaster Area     |       |       |       |     2 |     8 |     8 |    11 ||    29
 Abil: Evoke Flight      |       |       |       |       |       |       |     2 ||     2
  Use: Potion            |       |       |       |     5 |     4 |     8 |       ||    17
       Scroll            |       |       |       |     1 |     1 |     1 |     1 ||     4
  Eat: Ration            |       |       |       |     1 |     1 |     1 |     3 ||     6
       Chunk             |       |       |       |       |       |       |     2 ||     2
Armor: Plate armour      |     1 |     6 |    16 |    35 |     8 |       |       ||    66
       Gold dragon scale |       |       |       |       |     1 |     7 |    20 ||    28
Dodge: Dodged            |       |       |       |     6 |     3 |    14 |    41 ||    64
       Deflected         |       |       |       |     1 |     2 |     3 |     6 ||    12
Block: Shield            |     5 |    12 |    44 |   136 |    48 |    57 |   126 ||   428
